 Dungeon Crawl Stone Soup version 0.28.0-53-g5a82cb258f (webtiles) character file.

Game seed: 11907410649667539512

4020 infcreate the Covert (level 10, 50/50 HPs)
             Began as a Vampire Enchanter on Aug 8, 2022.
             Was a Believer of Dithmenos.
             Quit the game on level 8 of the Dungeon.
             The game lasted 00:21:40 (10426 turns).

infcreate the Covert (Vampire Enchanter)           Turns: 10426, Time: 00:21:40

Health: 50/50      AC:  9    Str:  7    XL:     10   Next: 3%
Magic:  1/19       EV: 17    Int: 18    God:    Dithmenos [**....]
Gold:   416        SH:  0    Dex: 19    Spells: 10/21 levels left

rFire   . . .      SeeInvis +   q - +4 dagger (venom)
rCold   + + +      Faith    .   (no shield)
rNeg    + + +      Spirit   .   w - +0 steam dragon scales
rPois   ∞          Reflect  .   d - +0 helmet
rElec   .          Harm     .   (no cloak)
rCorr   +          Rampage  .   p - +2 pair of gloves
Will    +....                   (no boots)
Stlth   +++++++++.              (no amulet)
HPRegen 0.16/turn               C - ring of protection from cold
MPRegen 0.16/turn               R - ring of resist corrosion

@: bloodless, wreathed by umbra
A: bloodless, fangs 3, see invisible, vampiric 2
a: Bat Form, Revivify, Renounce Religion, Shadow Step


You were on level 8 of the Dungeon.
You worshipped Dithmenos.
Dithmenos was pleased with you.
You visited 2 branches of the dungeon, and saw 9 of its levels.
You also visited: Ossuary.

You collected 416 gold pieces.


Innate Abilities, Weirdness & Mutations

You do not regenerate when monsters are visible.
You are frail without blood (-20% HP).
You can heal yourself when you bite living creatures.
You are immune to poison.
You have razor-sharp teeth.
You have supernaturally acute eyesight. (SInv)
You are afflicted with vampirism and can become a bat while bloodless.


   Skills:
 + Level 7.1 Short Blades
 + Level 7.5 Dodging
 + Level 11.0 Stealth
 + Level 6.2 Spellcasting
 + Level 10.3 Hexes


You had 10 spell levels left.
You knew the following spells:

 Your Spells              Type           Power      Damage    Failure   Level
c - Confusing Touch       Hex            42%        N/A       1%          3
d - Tukima's Dance        Hex            42%        N/A       1%          3
e - Ensorcelled Hibernat  Hex/Ice        48%        N/A       2%          2
f - Dazzling Flash        Conj/Hex       48%        N/A       4%          3

Your spell library contained the following spells:

 Spells                   Type           Power      Damage    Failure   Level
 Summon Guardian Golem    Hex/Summ       24%        N/A       4%          3
 Freeze                   Ice            20%        1d4       12%         1
 Frozen Ramparts          Ice            10%        1d3       34%         3
 Gell's Gravitas          Tloc           5%         N/A       34%         3
 Lesser Beckoning         Tloc           5%         N/A       34%         3
 Ozocubu's Armour         Ice            5%         N/A       34%         3
 Teleport Other           Tloc           5%         N/A       34%         3
 Hailstorm                Conj/Ice       5%         3d4       75%         4
 Iskenderun's Mystic Bla  Conj/Tloc      5%         2d3       75%         4
 Alistair's Intoxication  Tmut/Pois      3%         N/A       97%         5
 Borgnjor's Vile Clutch   Necr/Erth      2%         N/A       97%         5
 Dispersal                Tloc           2%         N/A       100%        6
 Eringya's Noxious Bog    Tmut/Pois      2%         N/A       100%        6
 Starburst                Conj/Fire      2%         6d3       100%        6
 Orb of Destruction       Conj           2%         9d5       100%        7
 Ozocubu's Refrigeration  Ice            2%         4d5       100%        7
 Spellforged Servitor     Conj/Summ      2%         N/A       100%        7

Inventory:

Hand Weapons
 q - a +4 dagger of venom (weapon)
Missiles
 l - 168 stones (quivered)
Armour
 d - a +0 helmet (worn)
 p - a +2 pair of gloves (worn)
 w - +0 steam dragon scales (worn)
Jewellery
 C - a ring of protection from cold (left hand)
 F - a ring of fire
 R - a ring of resist corrosion (right hand)
Wands
 m - a wand of flame (9)
 o - a wand of polymorph (8)
 y - a wand of iceblast (9)
Scrolls
 b - a scroll of noise {unknown}
 f - 4 scrolls of magic mapping
 g - 3 scrolls of amnesia {unknown}
 h - 4 scrolls of teleportation {@r2}
 i - 3 scrolls of vulnerability
 n - a scroll of blinking
 s - a scroll of immolation {unknown}
 t - 3 scrolls of torment {unknown}
 u - a scroll of fear {unknown}
 x - a scroll of fog {unknown}
Potions
 a - a potion of flight {unknown}
 c - 2 potions of invisibility
 e - 8 potions of curing {@q1}
 j - 2 potions of might {unknown}
 k - a potion of resistance {unknown}
 r - 2 potions of heal wounds {unknown}
 v - 3 potions of brilliance {unknown}

Dungeon Overview and Level Annotations

Branches:
Dungeon (8/15)             Temple (1/1) D:5         Ossuary (visited)
   Lair: D:8-11

Altars:
Ashenzari
Cheibriados
Dithmenos
Elyvilon
Fedhas
Gozag
Hepliaklqana
Kikubaaqudgha
Nemelex Xobeh
Okawaru
Qazlal
Ru
Sif Muna
Trog
Uskayaw
Vehumet
Wu Jian
Yredelemnul
Zin
The Shining One

Shops:
D:7 :

Annotations:
D:7 Harold

....▒ ...▒▒▒▒+▒▒
▒......... ▒.........
▒......... ▒▒▒▒.........
▒▒▒▒▒▒....[▒▒▒▒▒▒▒+▒ +
▒....'<[...▒.......▒ ▒..
▒.†@.▒.....▒.......▒
▒....▒▒†▒▒▒.....▒.......▒
▒...............▒.......▒
▒..............)')......▒
▒...............▒).▒▒▒▒▒▒
▒..............▒▒..▒▒
▒....▒▒▒▒▒▒....▒[...▒
▒.... ▒....▒....▒ ▒....
▒....▒....▒


There were no monsters in sight!


Message History

You draw the bullfrog's blood!
You feel better.
The bullfrog is heavily wounded.
The bullfrog completely misses you.
You hit the bullfrog. Your punch misses the bullfrog.
The bullfrog is severely wounded.
The bullfrog completely misses you.
You closely miss the bullfrog.
The bullfrog is severely wounded.
You hit the bullfrog.
The bullfrog looks even sicker.
The bullfrog is almost dead.
The bullfrog hits you!
You barely miss the bullfrog. You bite the bullfrog.
You draw the bullfrog's blood!
You feel better.
The bullfrog is almost dead.
You kill the bullfrog!
Dithmenos accepts your kill.
You have reached level 10!
You feel agile.
Casting: Confusing Touch (safe; 1% risk of failure)
Confirm with . or Enter, or press ? or * to list all spells.
Your hands begin to glow red.
The yak closely misses you.
You hit the yak but do no damage.
The yak appears confused.
You catch the helpless yak completely off-guard!
You bite the yak, and draw its blood!
You feel better.
You impale the yak!!
The yak is almost dead.
The yak misses you.
The yak gores itself!
The yak is killed!
Dithmenos accepts your kill.
Your Stealth skill increases to level 11!
Are you sure you want to abandon this character and quit the game? (Confirm with "yes".)

Skill      XL: |  1  2  3  4  5  6  7  8  9 10 |
---------------+-------------------------------+-----
Stealth        | 5 6 7 9 10 11 | 11.0
Hexes          | 5 6 7 8 10 | 10.3
Short Blades   | 2 3 4 5 7 |  7.1
Dodging        | 3 4 6 7 |  7.5
Spellcasting   | 3 4 5 6 |  6.2

Action                   |  1- 3 |  4- 6 |  7- 9 | 10-12 || total
-------------------------+-------+-------+-------+-------++-------
Melee: Dagger            |    90 |   139 |   287 |     2 ||   518
       Bite              |     5 |    20 |    52 |       ||    77
       Punch             |     1 |     1 |     8 |       ||    10
 Cast: Ensorcelled Hiber |    21 |    10 |     4 |       ||    35
       Confusing Touch   |     6 |    26 |    46 |     1 ||    79
       Tukima's Dance    |       |     5 |    17 |       ||    22
 Abil: Exsanguinate      |     1 |       |       |       ||     1
  Use: Scroll            |       |     4 |     3 |       ||     7
       Potion            |       |       |     1 |       ||     1
 Stab: Sleeping          |    29 |    19 |    37 |       ||    85
       Confused          |     6 |    18 |    28 |     1 ||    53
Armor: Robe              |    24 |    13 |    16 |       ||    53
       Steam dragon scal |       |       |    11 |       ||    11
Dodge: Dodged            |    60 |    49 |   109 |     2 ||   220

Levels and vault maps discovered:
D:1:      minmay_arrival_jagged, layout_loops_ring
D:2:      layout_basic, basic_ecumenical_altar
D:3:      layout_basic, uniq_ijyb
D:4:      layout_loops_cross, nicolae_gozag_seed_capital, minmay_quantized
D:5:      layout_basic, minmay_temple_entry_sparse_star, serial_shops,
          nicolae_stop_n_shop_2, st_stairs_8
D:6:      layout_gridville, nicolae_overflow_hidden_temple,
          overflow_temple_1_default, nicolae_ossuary_entry_ruins
D:7:      cheibrodos_iron_armory, layout_loops_corners, serial_shops, shop,
          minmay_misc_feat_encased, uniq_harold
D:8:      layout_gridville, serial_shops, shop, nicolae_specific_store,
          uniq_maggie
Temple:   eino_temple_scatter_basement

Notes
Turn   | Place    | Note
-------+----------+-------------------------------------------
     0 | D:1      | infcreate the Vampire Enchanter began the quest for the
                  | Orb.
     0 | D:1      | Reached XP level 1. HP: 13/13 MP: 3/3
   412 | D:1      | Reached XP level 2. HP: 15/15 MP: 5/5
   415 | D:1      | Learned a level 2 spell: Ensorcelled Hibernation
  1677 | D:2      | Gained mutation: You are afflicted with vampirism and can
                  | become a bat while bloodless. [Vampire growth]
  1677 | D:2      | Reached XP level 3. HP: 19/19 MP: 1/6
  1681 | D:2      | Learned a level 3 spell: Confusing Touch
  1757 | D:2      | Reached skill level 5 in Stealth
  2002 | D:2      | Reached skill level 5 in Hexes
  2022 | D:2      | Found a faded altar of an unknown god.
  2228 | D:2      | Reached skill level 2 in Short Blades
  2598 | D:3      | Reached skill level 3 in Dodging
  2598 | D:3      | Reached XP level 4. HP: 20/24 MP: 4/7
  2602 | D:3      | Learned a level 3 spell: Tukima's Dance
  3199 | D:3      | Reached XP level 5. HP: 28/28 MP: 1/9
  3586 | D:3      | You fall into a shaft and drop 1 floor!
  3752 | D:3      | Noticed Ijyb
  3761 | D:3      | Killed Ijyb
  4090 | D:3      | Reached skill level 3 in Short Blades
  4090 | D:3      | Reached skill level 6 in Stealth
  4090 | D:3      | Reached skill level 3 in Spellcasting
  4284 | D:4      | Reached skill level 6 in Hexes
  4284 | D:4      | Reached XP level 6. HP: 30/32 MP: 6/10
  4288 | D:4      | Learned a level 3 spell: Dazzling Flash
  4862 | D:4      | Reached skill level 4 in Dodging
  5058 | D:4      | Reached XP level 7. HP: 28/36 MP: 7/12
  5340 | D:4      | Reached skill level 7 in Stealth
  5425 | D:4      | Found an opulent altar of Gozag.
  5574 | D:4      | Reached skill level 4 in Short Blades
  5758 | D:5      | Entered Level 5 of the Dungeon
  5764 | D:5      | Reached skill level 7 in Hexes
  5925 | D:5      | Reached skill level 4 in Spellcasting
  5976 | D:5      | Found a staircase to the Ecumenical Temple.
  6007 | Temple   | Entered the Ecumenical Temple
  6168 | Temple   | Became a worshipper of Dithmenos the Shadowed
  6420 | D:5      | Found Riytaess's Distillery.
  6854 | D:6      | Reached XP level 8. HP: 41/41 MP: 14/14
  6944 | D:6      | Reached skill level 5 in Dodging
  7225 | D:5      | Reached skill level 8 in Stealth
  7486 | D:6      | Found a sand-covered staircase.
  7495 | Ossuary  | Entered an ossuary
  7645 | Ossuary  | Reached skill level 5 in Short Blades
  7660 | Ossuary  | Reached skill level 8 in Hexes
  7702 | Ossuary  | Reached * piety under Dithmenos
  8506 | D:6      | Found a hazy altar of Hepliaklqana.
  8655 | D:6      | Reached skill level 9 in Stealth
  8712 | D:6      | Found an ancient bone altar of Kikubaaqudgha.
  8712 | D:6      | Found a sacrificial altar of Ru.
  8760 | D:7      | Reached skill level 5 in Spellcasting
  8831 | D:4      | Identified the +8 hunting sling of Ullydoi {venom, rC+
                  | Will+ Stlth+}
  8992 | D:7      | Reached skill level 6 in Dodging
  9367 | D:7      | Reached XP level 9. HP: 45/45 MP: 16/16
  9384 | D:7      | Noticed Harold
  9608 | D:7      | Found Dimaroic's Book Shop.
  9889 | D:8      | Noticed Maggie
  9891 | D:8      | Killed Maggie
  9892 | D:8      | Reached skill level 6 in Short Blades
  9892 | D:8      | Reached skill level 9 in Hexes
  9903 | D:7      | Noticed a rust devil
  9903 | D:7      | Noticed a rust devil
  9970 | D:8      | HP: 3/45 [orc wizard/+0 dagger (4)]
  9979 | D:8      | HP: 2/45 [rust devil (12)]
  9984 | D:8      | Killed a rust devil
  9985 | D:8      | Reached skill level 10 in Stealth
 10287 | D:7      | Killed a rust devil
 10288 | D:7      | Reached skill level 7 in Dodging
 10384 | D:8      | Reached ** piety under Dithmenos
 10395 | D:8      | Reached skill level 10 in Hexes
 10401 | D:8      | Reached skill level 6 in Spellcasting
 10416 | D:8      | Reached skill level 7 in Short Blades
 10423 | D:8      | Reached XP level 10. HP: 43/50 MP: 3/19
 10426 | D:8      | Reached skill level 11 in Stealth
 10426 | D:8      | Quit the game

Vanquished Creatures
  2 rust devils
  Maggie (D:8)
  6 yaks (D:8)
  A steam dragon (D:7)
  2 orc warriors (D:8)
  3 phantoms
  2 bullfrogs
  3 scorpions
  3 water moccasin zombies (Ossuary)
  2 water moccasin skeletons (D:5)
  3 wights (D:6)
  3 centaur zombies
  5 hounds
  A jelly (D:6)
  2 centaur skeletons
  An iguana (D:4)
  2 orc priests (D:3)
  3 gnoll shamans
  Ijyb (D:3)
  An orc wizard (D:8)
  A scorpion zombie (D:5)
  2 mummies (Ossuary)
  16 gnolls
  4 adders
  2 shadow imps (D:7)
  An ufetubus (D:5)
  6 adder zombies (Ossuary)
  An adder skeleton (D:4)
  3 worms
  2 dart slugs
  22 orcs
  4 bats
  5 endoplasms
  4 giant cockroaches
  4 gnoll zombies (Ossuary)
  3 goblins
  5 hobgoblins
  4 quokkas
  4 ball pythons
  3 frilled lizards
  4 hobgoblin zombies (Ossuary)
  2 kobolds
  4 kobold zombies (Ossuary)
  4 orc zombies (Ossuary)
  A quokka skeleton (D:4)
  6 rats
164 creatures vanquished.

Vanquished Creatures (collateral kills)
  A wight (D:6)
  5 gnolls
6 creatures vanquished.

Vanquished Creatures (others)
  5 dancing weapons
5 creatures vanquished.

Grand Total: 175 creatures vanquished

Table legend: (Time is in decaauts)
 A = Elapsed time spent in this place.
 B = Non-inter-level travel time spent in this place.
 C = Inter-level travel time spent in this place.
 D = Time resting spent in this place.
 E = Time spent auto-exploring this place.
 F = Levels seen in this place.
 G = Mean time per level.
                   A        B        C        D        E       F      G
               +--------+--------+--------+--------+--------+-----+--------+
         Total |  10340 |   9374 |    966 |   1677 |   5791 |  10 | 1034.0 |
       Dungeon |   9835 |   8891 |    944 |   1663 |   5451 |   8 | 1229.4 |
        Temple |    171 |    149 |     22 |      0 |    132 |   1 |  171.0 |
       Ossuary |    334 |    334 |      0 |     14 |    208 |   1 |  334.0 |
               +--------+--------+--------+--------+--------+-----+--------+

Top non-repeatable levels by time:
     D:4: 1568 daAuts
     D:2: 1519 daAuts
     D:3: 1435 daAuts
     D:6: 1347 daAuts
     D:1: 1272 daAuts
     D:5: 1167 daAuts
     D:7: 1055 daAuts
     D:8: 467 daAuts
 Ossuary: 334 daAuts
  Temple: 171 daAuts

Table legend:
 A = Non-vault XP
 B = Vault XP
 C = Vault XP percentage of total XP
 D = Non-vault monster count
 E = Vault monster count
 F = Vault count percentage of total count
                 A         B        C        D         E       F
            +---------+---------+-------+---------+---------+-------
      Total |    3721 |    2023 |  35.2 |     133 |      37 |  21.8
            +---------+---------+-------+---------+---------+-------
        D:1 |      26 |       0 |   0.0 |      14 |       0 |   0.0
        D:2 |      71 |       0 |   0.0 |      22 |       0 |   0.0
        D:3 |     204 |      36 |  15.0 |      24 |       1 |   4.0
        D:4 |     596 |      87 |  12.7 |      28 |       3 |   9.7
        D:5 |     365 |      83 |  18.5 |       9 |       1 |  10.0
        D:6 |     664 |       0 |   0.0 |      17 |       0 |   0.0
        D:7 |     430 |     448 |  51.0 |       8 |       1 |  11.1
        D:8 |    1365 |    1036 |  43.1 |      11 |       4 |  26.7
    Ossuary |       0 |     333 | 100.0 |       0 |      27 | 100.0
            +---------+---------+-------+---------+---------+-------
